[Event "*** Titled Tuesday Blitz"]
[Site "Chess.com"]
[Date "2020.05.19"]
[Round "3"]
[White "cassoulet"]
[Black "GM_dmitrij"]
[Result "1-0"]
[WhiteElo "2650"]
[BlackElo "2902"]
[TimeControl "180+1"]
[EndTime "12:28:20 PDT"]
[Termination "cassoulet won on time"]

1. e4 e5 2. Nf3 Nc6 3. Bc4 Nf6 4. d3 Bc5 5. c3 d6 6. Bb3 O-O 7. h3 a5 8. Nbd2 Be6 9. O-O Bxb3 10.
axb3 d5 11. Re1 Re8 12. Qe2 Qd7 13. Nf1 h6 14. Ng3 Rad8 15. Nf5 Bf8 16. Nh2 Kh7 17.
Ng4 Nxg4 18. hxg4 Qe6 19. g5 g6 20. Nxh6 Bxh6 21. gxh6 dxe4 22. dxe4 Qxb3 23. Bg5 Rd6 24. Rad1 Qe6 25. Rxd6 cxd6 26. Rd1 f6 27. Be3 Re7 28. Rd5 Rd7 29. Qd3 g5 30. Bc5 Kxh6 31. Bxd6 Kg6 32. Bc5 Rh7 33. Qf3 Qg8 34. Qf5+ 1-0

[Event "*** Titled Tuesday Blitz"]
[Site "Chess.com"]
[Date "2020.05.19"]
[Round "3"]
[White "Tashik"]
[Black "katchesskat"]
[Result "1-0"]
[WhiteElo "2503"]
[BlackElo "2229"]
[TimeControl "180+1"]
[EndTime "12:28:20 PDT"]
[Termination "Tashik won on time"]

1. c4 c5 2. Nf3 e6 3. d4 cxd4 4. Nxd4 a6 5. g3 Qc7 6. Bg2 Qxc4 7. O-O Qc7 8. Nc3 Nc6 9. Bf4 d6 10. Rc1 Nge7 11. Ndb5 axb5 12. Nxb5 Qd7 13. Nxd6+ Kd8 14. Nxf7+ Ke8 15. Nxh8 Qxd1 16. Rfxd1 g6 17. b4 e5 18. b5 exf4 19. bxc6 Nxc6 20. Rxc6 Bg7 21. Rcd6 Ke7 22.
Rd8 Bxh8 23. Rxh8 fxg3 24. hxg3 1-0

[Event "*** Titled Tuesday Blitz"]
[Site "Chess.com"]
[Date "2020.05.19"]
[Round "3"]
[White "Machidon"]
[Black "Maghalashvili"]
[Result "0-1"]
[WhiteElo "2555"]
[BlackElo "2806"]
[TimeControl "180+1"]
[EndTime "12:28:21 PDT"]
[Termination "Maghalashvili won by resignation"]

1. d4 Nf6 2. Nf3 g6 3. Bg5 Bg7 4.
Nbd2 d5 5. e3 O-O 6. c3 c5 7.
Bd3 Nc6 8. O-O b6 9. dxc5 bxc5 10. e4 d4 11. Nc4 h6 12. Bh4 g5 13. Bg3 Nh5 14. e5 Nxg3 15. hxg3 Qd5 16. Re1 Be6 17.
Be4 Qxc4 18. Bxc6 Rad8 19. Qa4 Qxa4 20. Bxa4 dxc3 21. bxc3 Rd3 22. c4 g4 23. Nh2 Rd4 24.
Bb3 Bxc4 25. Rec1 Bxb3 26. axb3 Bxe5 27. Rxa7 Bd6 28. Ra4 f5 29. Nf1 h5 30. Rxd4 cxd4 31.
Rc4 e5 32. Nd2 Kf7 33. Kf1 Ke6 34. Ke2 Ra8 35. Rc6 Kd5 36. Rb6 Ra2 37. Kd1 d3 38. Nc4 Bc5 39. Rf6 Rxf2 40. b4 Bxb4 0-1

[Event "*** Titled Tuesday Blitz"]
[Site "Chess.com"]
[Date "2020.05.19"]
[Round "3"]
[White "Belka1989"]
[Black "DishonorOnYourCow"]
[Result "0-1"]
[WhiteElo "2148"]
[BlackElo "2340"]
[TimeControl "180+1"]
[EndTime "12:28:21 PDT"]
[Termination "DishonorOnYourCow won by resignation"]

1. d4 Nf6 2. Nf3 g6 3. Bf4 Bg7 4. e3 d5 5. Bd3 O-O 6. c3 c5 7. O-O b6 8. h3 Bb7 9. Nbd2 Nc6 10.
Ne5 Nd7 11. Nxd7 Qxd7 12. Nf3 Rfe8 13. Bb5 a6 14. Bxc6 Qxc6 15. Ne5 Qc8 16. a4 f6 17. Nf3 e5 18. Bh2 e4 19. Nd2 f5 20. Qb3 Qc6 21. Rfd1 g5 22. dxc5 bxc5 23. c4 d4 24. exd4 cxd4 25.
c5+ Qd5 26. Qxd5+ Bxd5 27. Rab1 d3 28. b3 f4 29. Nc4 Bd4 30. Nd6 Rf8 31. b4 a5 32. b5 Bxc5 33. Nb7 Bxb7 34. Rdc1 Bd4 35.
Rc7 Rf7 36. Rcc1 e3 37. fxe3 fxe3 38. Kh1 e2 39. Rc4 d2 40. Rxd4 e1=Q+ 0-1

[Event "*** Titled Tuesday Blitz"]
[Site "Chess.com"]
[Date "2020.05.19"]
[Round "3"]
[White "2L8IWUN"]
[Black "VALPARAISO37"]
[Result "1-0"]
[WhiteElo "2536"]
[BlackElo "2312"]
[TimeControl "180+1"]
[EndTime "12:28:22 PDT"]
[Termination "2L8IWUN won by checkmate"]

1. Nf3 d5 2. d4 Nf6 3. c4 e6 4. Nc3 a6 5. cxd5 exd5 6. Bf4 Be6 7. e3 Bd6 8. Bxd6 Qxd6 9. Bd3 c5 10. dxc5 Qxc5 11.
Rc1 Qb4 12. O-O Nbd7 13. Nd4 O-O 14. Qe2 Rac8 15. a3 Qa5 16. h3 h6 17. Rfd1 Rfe8 18. Bf5 Ne5 19. Bxe6 fxe6 20. e4 Nc4 21. exd5 exd5 22.
Qc2 Nd6 23. Re1 Nde4 24. Qb3 Nxc3 25. Rxe8+ Rxe8 26. Qxc3 Qb6 27. Nf3 Re2 28. Nd4 Rxb2 29. Qc8+ Kh7 30. Qf5+ g6 31. Qe5 Rb1 32. Rxb1 Qxb1+ 33. Kh2 Nh5 34. Ne6 Qf5 35. Qc7+ Kg8 36. Qd8+ Kf7 37. Qd7+ Kf6 38. Nf8 Qe5+ 39. g3 Nxg3 40. Nh7# 1-0

[Event "*** Titled Tuesday Blitz"]
[Site "Chess.com"]
[Date "2020.05.19"]
[Round "3"]
[White "K_A_S_T_O_R"]
[Black "Nathan_Filgueiras"]
[Result "1-0"]
[WhiteElo "2722"]
[BlackElo "2325"]
[TimeControl "180+1"]
[EndTime "12:28:22 PDT"]
[Termination "K_A_S_T_O_R won by resignation"]

1. e4 c5 2. Nf3 Nc6 3. d4 cxd4 4. Nxd4 d5 5. exd5 Qxd5 6. Be3 e6 7. Nc3 Bb4 8. Nb5 Qe5 9. a3 Be7 10. Qd2 a6 11. f4 Qb8 12. Nd4 Nf6 13. Be2 O-O 14.
O-O-O Bd7 15. Bf3 Qc7 16. g4 Nxd4 17. Bxd4 Bc6 18. Qe3 Bxf3 19. Qxf3 Rac8 20. Rd2 Rfd8 21. Rhd1 Nd5 22. Be5 Qc6 23. Nxd5 Rxd5 24. Qe2 Rxd2 25. Rxd2 b5 26. Kb1 b4 27. axb4 Bxb4 28. c3 Be7 29. g5 a5 30. Qg2 Qxg2 31. Rxg2 a4 32. Rd2 f6 33. gxf6 gxf6 34. Bd4 Kf7 35. Rd3 a3 36. b4 Bd6 37. Be3 Rd8 38. Ka2 Rd7 39. Bc5 Ke7 40. Rxd6 Rxd6 41. Kxa3 Kd7 42. Bxd6 Kxd6 43. Kb3 Kd5 44.
c4+ Kd4 45. c5 Kd5 46. Kc3 e5 47. fxe5 fxe5 48. Kd3 1-0

[Event "*** Titled Tuesday Blitz"]
[Site "Chess.com"]
[Date "2020.05.19"]
[Round "3"]
[White "RianKapriaga"]
[Black "AsaHoffmann"]
[Result "1-0"]
[WhiteElo "2207"]
[BlackElo "2388"]
[TimeControl "180+1"]
[EndTime "12:28:22 PDT"]
[Termination "RianKapriaga won by resignation"]

1. d4 Nf6 2. Nf3 d6 3. c4 c6 4. Nc3 Bf5 5. Bg5 Nbd7 6. e3 h6 7. Bh4 e5 8. Be2 Be7 9. O-O O-O 10. a3 Re8 11. b4 Qc7 12. c5 e4 13. Nd2 dxc5 14.
bxc5 Nd5 15. Nxd5 cxd5 16. Bg3 Qc8 17. Qb3 Bd8 18. Rab1 b6 19. cxb6 Nxb6 20. Rfc1 Qe6 21. a4 Bf6 22. a5 Nd7 23. Qa4 Nf8 24. Rb7 Re7 25. a6 Rc8 26. Rcb1 Rc6 27. Nb3 Rb6 28. Nc5 Rxb1+ 29. Rxb1 Qc8 30. Rb8 Re8 31. Rxc8 Rxc8 32.
h3 Be7 33. Qb5 Be6 34. Qb7 Re8 35. Qxa7 Bxc5 36. Qxc5 Nd7 37. Qd6 Nf6 38. a7 Ra8 39. Qb8+ 1-0

[Event "*** Titled Tuesday Blitz"]
[Site "Chess.com"]
[Date "2020.05.19"]
[Round "3"]
[White "AnkitGajwa"]
[Black "1stSecond"]
[Result "0-1"]
[WhiteElo "2445"]
[BlackElo "2713"]
[TimeControl "180+1"]
[EndTime "12:28:23 PDT"]
[Termination "1stSecond won by resignation"]

1. e4 e5 2. Nf3 Nc6 3. Bb5 a6 4. Ba4 Nge7 5. O-O g6 6. c3 Bg7 7. d4 exd4 8. cxd4 b5 9. Bc2 d5 10. exd5 Nxd5 11. Re1+ Be6 12. Bg5 Qc8 13. Nbd2 O-O 14.
Ne4 Bg4 15. Be3 Re8 16. Rc1 Ncb4 17. Bb1 Nxe3 18. fxe3 Bf5 19. Nc3 Bxb1 20. Rxb1 Qd7 21. a3 Nd5 22. e4 Nxc3 23. bxc3 c5 24. e5 cxd4 25. cxd4 Rac8 26. d5 Rc5 27. e6 Qxd5 28. exf7+ Kxf7 29. Ng5+ Qxg5 30. Qd7+ Re7 31. Rxe7+ Qxe7 32. Rf1+ Bf6 0-1

[Event "*** Titled Tuesday Blitz"]
[Site "Chess.com"]
[Date "2020.05.19"]
[Round "3"]
[White "Last7Samurai"]
[Black "Pittiplatsh"]
[Result "1-0"]
[WhiteElo "2832"]
[BlackElo "2547"]
[TimeControl "180+1"]
[EndTime "12:28:23 PDT"]
[Termination "Last7Samurai won by checkmate"]

1. d4 Nf6 2. Bg5 c5 3. Nc3 cxd4 4. Qxd4 Nc6 5. Qh4 e6 6. O-O-O Be7 7. e4 h6 8. Nf3 Qa5 9. Kb1 d6 10. Bd2 Qc7 11. Bd3 a6 12. Rhe1 b5 13. Qg3 Bb7 14. Nd5 exd5 15. exd5 Ne5 16. Nxe5 dxe5 17. Rxe5 Kf8 18.
Bf4 Bd6 19. Rde1 Bxe5 20. Bxe5 Qd7 21. Bd6+ Kg8 22. Re7 Re8 23. Qe5 Rxe7 24. Bxe7 Nxd5 25. Bc5 f6 26. Qb8+ Qc8 27. Qd6 Kf7 28. b4 Rd8 29. Qg3 Nc3+ 30. Ka1 Qe6 31. Qg6+ Kg8 32. Qh7+ Kf7 33. Bg6# 1-0

[Event "*** Titled Tuesday Blitz"]
[Site "Chess.com"]
[Date "2020.05.19"]
[Round "3"]
[White "MirMan90"]
[Black "WildTricks"]
[Result "1/2-1/2"]
[WhiteElo "2742"]
[BlackElo "2533"]
[TimeControl "180+1"]
[EndTime "12:28:23 PDT"]
[Termination "Game drawn by repetition"]

1. e4 e5 2. Nf3 Nc6 3. Bc4 Nf6 4. d4 exd4 5. e5 d5 6. Bb5 Ne4 7. Nxd4 Bc5 8. O-O O-O 9. Bxc6 bxc6 10. Nxc6 Qh4 11.
Be3 Bxe3 12. fxe3 Bb7 13. Nd4 Qg5 14. Qf3 Qxe5 15. Qf4 Qxf4 16. exf4 c5 17. Nf3 d4 18. Nbd2 Nxd2 19. Nxd2 Rfe8 20. Kf2 f6 21. Rfe1 Kf8 22.
a4 Bd5 23. b3 Rxe1 24. Rxe1 Re8 25. Rxe8+ Kxe8 26. g3 Kd7 27. Ke2 Kd6 28. Kd3 Kc6 29. Nc4 Bxc4+ 30. Kxc4 f5 31. b4 cxb4 32. Kxb4 Kd5 33. Kb5 h6 34. a5 g6 35. h4 Kd6 36.
Ka6 Kc6 37. Kxa7 Kc7 38. a6 h5 39. Ka8 Kc8 40. Ka7 Kc7 41. Ka8 Kc8 42. Ka7 Kc7 1/2-1/2

[Event "*** Titled Tuesday Blitz"]
[Site "Chess.com"]
[Date "2020.05.19"]
[Round "3"]
[White "vpsetter"]
[Black "Firouzja2003"]
[Result "0-1"]
[WhiteElo "2666"]
[BlackElo "3172"]
[TimeControl "180+1"]
[EndTime "12:28:24 PDT"]
[Termination "Firouzja2003 won by resignation"]

1. e4 c5 2. Nf3 d6 3. d4 cxd4 4. Nxd4 Nf6 5. Nc3 a6 6. Be2 e5 7.
Nb3 Be7 8. Kf1 O-O 9. h4 b5 10.
Bf3 Bb7 11. g3 Nbd7 12. Bg5 b4 13. Bxf6 Nxf6 14. Nd5 Nxd5 15. exd5 f5 16. Qd2 a5 17. a4 Rc8 18. Kg2 Bf6 19. Be2 e4 20. Nd4 Bxd4 21. Qxd4 Rxc2 22. Bc4 Qf6 23. Qxf6 Rxf6 24. b3 f4 25. Rhc1 Rd2 26. Rd1 Rb2 27. Rab1 Rxb1 28. Rxb1 Rf5 29. Rd1 f3+ 30. Kf1 Kf7 31. Ke1 Kf6 32.
Kd2 Bxd5 33. Ke3 Bxc4 34. bxc4 Ke6 35. Kxe4 Rc5 36. Kd4 h6 37. Rd3 Rf5 38. Re3+ Kd7 39. Kd3 g5 40. hxg5 hxg5 41. Re4 Kc6 42. Re8 Re5 43.
Rc8+ Kb7 44. Rf8 g4 45. Rf4 Re2 46. Rxg4 Rxf2 47. Rg7+ Kc6 48. Rg5 b3 49. Ke3 Ra2 50. Kxf3 Rxa4 0-1

[Event "*** Titled Tuesday Blitz"]
[Site "Chess.com"]
[Date "2020.05.19"]
[Round "3"]
[White "nubair1198"]
[Black "LiverpooL174"]
[Result "0-1"]
[WhiteElo "2661"]
[BlackElo "2512"]
[TimeControl "180+1"]
[EndTime "12:28:24 PDT"]
[Termination "LiverpooL174 won by resignation"]

1. Nf3 Nf6 2. g3 d6 3. Bg2 Nbd7 4. O-O e5 5. c4 Be7 6. Nc3 O-O 7. d4 c6 8. b4 Qc7 9. Rb1 a6 10. e4 exd4 11. Nxd4 Ne5 12. Qe2 Re8 13. h3 h6 14.
f4 Ng6 15. Be3 Bd7 16. a4 Rad8 17. Rfd1 Bc8 18. Bf2 d5 19. e5 Ne4 20. Nxe4 dxe4 21.
Qxe4 c5 22. bxc5 Bxc5 23. Rd2 h5 24. Rbd1 Bb4 25. Rc2 Bc5 26. Kh2 h4 27. g4 Nxe5 28. fxe5 Rxe5 29. Qf4 g5 30. Nb5 axb5 31. Rxd8+ Qxd8 32. Qd2 Qxd2 33. Rxd2 Bxf2 34. Rxf2 bxa4 35. Ra2 Ra5 36.
Bd5 Be6 37. Bxb7 Bxc4 38. Ra3 Bb3 39. Kg2 Rc5 40. Be4 Kg7 41. Ra1 Kf6 42. Rf1+ Ke7 43.
Rf3 Kd6 44. Kf2 Re5 45. Bf5 Kc5 46. Rd3 Kb4 47. Rd8 a3 48. Rb8+ Rb5 49. Ra8 a2 50.
Ke3 Ra5 51. Rb8+ Ka3 52. Bc2 Bxc2 0-1

[Event "*** Titled Tuesday Blitz"]
[Site "Chess.com"]
[Date "2020.05.19"]
[Round "3"]
[White "Gandrade2"]
[Black "Torrentec"]
[Result "0-1"]
[WhiteElo "2038"]
[BlackElo "2301"]
[TimeControl "180+1"]
[EndTime "12:28:24 PDT"]
[Termination "Torrentec won by checkmate"]

1. b3 d5 2. Bb2 d4 3. Nf3 Nc6 4. e3 e5 5. exd4 exd4 6. Bb5 Bc5 7. O-O Ne7 8. d3 Bg4 9. h3 Bh5 10. Nbd2 O-O 11. Re1 a6 12. Bxc6 Nxc6 13. Ne4 Ba7 14.
Ng3 Bg6 15. Qd2 Qd5 16. Qg5 Rfd8 17. Re2 h6 18. Qf4 Bb6 19. Rae1 a5 20. a4 Nb4 21. Ne5 Rf8 22. Nf5 Bxf5 23. Qxf5 Rae8 24. Nxf7 Qxf7 25. Qb5 Qxf2+ 26. Rxf2 Rxe1+ 27. Kh2 Rxf2 28. Bxd4 Bxd4 29. Qc4+ Kh8 30. Qxd4 Ree2 31. Qd8+ Kh7 32. Kg3 Rxg2+ 33. Kf3 Ref2+ 34. Ke3 Nxc2+ 35. Ke4 Re2+ 36. Kd5 Rg5+ 37. Kc4 Na3+ 38. Kd4 c5+ 39. Kc3 Rc2# 0-1

[Event "*** Titled Tuesday Blitz"]
[Site "Chess.com"]
[Date "2020.05.19"]
[Round "3"]
[White "2nd_life"]
[Black "GoldenShare"]
[Result "1-0"]
[WhiteElo "2423"]
[BlackElo "2618"]
[TimeControl "180+1"]
[EndTime "12:28:25 PDT"]
[Termination "2nd_life won by resignation"]

1. e4 e6 2. d4 d5 3. Nc3 Nc6 4. e5 f6 5. f4 fxe5 6. dxe5 Bc5 7. Nf3 Nh6 8. Na4 Be7 9. Bd3 Nb4 10. Be2 c5 11. a3 Nc6 12. c4 d4 13. O-O O-O 14. Bd3 Nf5 15. Qe2 b6 16. g4 Nh4 17.
Nxh4 Bxh4 18. g5 h6 19. Qh5 Bxg5 20. fxg5 Nxe5 21. Rxf8+ Qxf8 22. Be4 Bd7 23. gxh6 Bxa4 24. Qxe5 Rd8 25. Qxe6+ Kh8 26. Qg6 Kg8 27. Bg5 Rd6 28. Qh7+ Kf7 29. Rf1+ 1-0

[Event "*** Titled Tuesday Blitz"]
[Site "Chess.com"]
[Date "2020.05.19"]
[Round "3"]
[White "Abund"]
[Black "ahappypawn"]
[Result "1-0"]
[WhiteElo "2601"]
[BlackElo "2322"]
[TimeControl "180+1"]
[EndTime "12:28:25 PDT"]
[Termination "Abund won on time"]

1. d4 d5 2. c4 e6 3. Nc3 a6 4. cxd5 exd5 5. Bf4 Nf6 6. e3 Bd6 7. Bg5 c6 8. Bd3 Be6 9. Qc2 Nbd7 10. Nge2 Qc7 11.
Nf4 h6 12. Nxe6 fxe6 13. Bg6+ Ke7 14. Bh4 e5 15. O-O-O e4 16. f3 Nf8 17. Bxf6+ gxf6 18. Bf5 exf3 19. e4 Re8 20. exd5 Kd8 21. dxc6 Qxc6 22. Be4 Qb6 23. Bxf3 Ne6 24. Nd5 Qa5 25. Kb1 Rhf8 26. Rc1 Kd7 27. Qf5 Qd8 28. Rhe1 Rf7 29.
Bh5 1-0

[Event "*** Titled Tuesday Blitz"]
[Site "Chess.com"]
[Date "2020.05.19"]
[Round "3"]
[White "MaxLeto"]
[Black "Artem_Sadovsky"]
[Result "1-0"]
[WhiteElo "2338"]
[BlackElo "2526"]
[TimeControl "180+1"]
[EndTime "12:28:26 PDT"]
[Termination "MaxLeto won by checkmate"]

1. g4 d5 2. Bg2 c6 3. g5 e5 4.
d4 e4 5. c4 Be7 6. h4 h6 7. f4 exf3 8. Nxf3 hxg5 9. hxg5 Rxh1+ 10. Bxh1 dxc4 11. Bf4 Bd6 12. Qd2 Ne7 13. Nc3 Nd5 14.
Be5 Bf5 15. O-O-O Bb4 16. e4 Bxe4 17. Re1 Nxc3 18. bxc3 Ba3+ 19. Kd1 Qd5 20. Bxg7 Kd8 21. Bf6+ Kc8 22. Qe3 Bf5 23. Qe8+ Kc7 24. Ne5 Qb5 25. Qd8# 1-0

[Event "*** Titled Tuesday Blitz"]
[Site "Chess.com"]
[Date "2020.05.19"]
[Round "3"]
[White "Aygehovit1992"]
[Black "Anna_ChessMate"]
[Result "0-1"]
[WhiteElo "2694"]
[BlackElo "2520"]
[TimeControl "180+1"]
[EndTime "12:28:28 PDT"]
[Termination "Anna_ChessMate won by checkmate"]

1. e4 e5 2. Bc4 c6 3. Nf3 d5 4.
exd5 cxd5 5. Bb5+ Bd7 6. Bxd7+ Nxd7 7. O-O Bd6 8. Re1 Ne7 9. c4 O-O 10. cxd5 Nxd5 11. Nc3 Nf4 12. d4 Ng6 13. Bg5 Qb6 14. Nd5 Qa6 15. dxe5 Ndxe5 16. Nd4 Rfe8 17. Nf5 Bc5 18.
Be3 Bxe3 19. Rxe3 Rad8 20. Qb3 Qc4 21. Nde7+ Nxe7 22. Nxe7+ Kf8 23. Rxe5 Qxb3 24. axb3 Rxe7 25. Rb5 a6 26. h3 axb5 27. Ra5 Re5 28. Ra7 Rd7 29.
f4 Re2 30. Ra8+ Ke7 31. Rc8 Rxb2 32. Rc5 Rdd2 33. Rg5 g6 34. Rxb5 Rxg2+ 35. Kh1 Rgc2 36. Rxb7+ Kf6 37. Rb6+ Kg7 38. Rb5 Rc1# 0-1

[Event "*** Titled Tuesday Blitz"]
[Site "Chess.com"]
[Date "2020.05.19"]
[Round "3"]
[White "stoleriu"]
[Black "Djager97"]
[Result "1-0"]
[WhiteElo "2556"]
[BlackElo "2357"]
[TimeControl "180+1"]
[EndTime "12:28:28 PDT"]
[Termination "stoleriu won by checkmate"]

1. e4 e5 2. Nf3 Nc6 3. Bb5 a6 4. Ba4 Nf6 5. d3 b5 6. Bb3 Be7 7. O-O d6 8. c3 O-O 9. Re1 Na5 10.
Bc2 c5 11. Nbd2 Nc6 12. Nf1 Re8 13. h3 h6 14. Ng3 Be6 15. Nh2 d5 16. Qf3 d4 17.
Nf5 Bf8 18. Ng4 Nxg4 19. hxg4 dxc3 20. bxc3 b4 21. Ba4 Rc8 22. cxb4 cxb4 23. Bb2 Bxf5 24. exf5 e4 25. dxe4 Qa5 26. Bb3 Ne5 27. Qe2 Bc5 28. Rad1 Kf8 29. Rd5 f6 30. Rc1 Qb6 31. Rcd1 Rcd8 32.
Rxd8 Rxd8 33. Rxd8+ Qxd8 34. Bxe5 fxe5 35. Qc4 Qb6 36.
Qf7# 1-0

[Event "*** Titled Tuesday Blitz"]
[Site "Chess.com"]
[Date "2020.05.19"]
[Round "3"]
[White "Kostya26"]
[Black "mbachez"]
[Result "0-1"]
[WhiteElo "2365"]
[BlackElo "2491"]
[TimeControl "180+1"]
[EndTime "12:28:28 PDT"]
[Termination "mbachez won by resignation"]

1. e4 e6 2. d4 d5 3. exd5 exd5 4. Nf3 Nf6 5. Bd3 c5 6. dxc5 Bxc5 7. O-O O-O 8. h3 h6 9. b3 Ne4 10. Bb2 Qb6 11.
Bxe4 dxe4 12. Ne5 e3 13. fxe3 Bxe3+ 14. Kh1 Be6 15. Qf3 Nc6 16. Nxc6 bxc6 17. Nc3 Bg5 18. Ne4 Bd5 19. Qc3 f6 20. Nxg5 hxg5 21. Rae1 Rae8 22.
Rxe8 Rxe8 23. Re1 Qb8 24. Rxe8+ Qxe8 25. Qd2 Qe6 26. Kg1 Kf7 27. c4 Be4 28. a3 g4 29.
hxg4 Qxg4 30. b4 c5 31. bxc5 Bc6 32. Kh2 Qh4+ 33. Kg1 Qxc4 34. Qd6 Qe4 35. Qc7+ Ke6 36. Qc8+ Kd5 37. Qf8 Kc4 38. Qxg7 Qb1+ 39. Kh2 Qxb2 40.
Qg4+ Qd4 41. Qe2+ 0-1

[Event "*** Titled Tuesday Blitz"]
[Site "Chess.com"]
[Date "2020.05.19"]
[Round "3"]
[White "Chessmasterzt"]
[Black "LiemLe"]
[Result "0-1"]
[WhiteElo "2580"]
[BlackElo "2965"]
[TimeControl "180+1"]
[EndTime "12:28:29 PDT"]
[Termination "LiemLe won by resignation"]

1. d4 Nf6 2. c4 e6 3. Nf3 b6 4. a3 Bb7 5. Nc3 d5 6. Bg5 Be7 7. e3 O-O 8. Rc1 Ne4 9. Bxe7 Qxe7 10. cxd5 exd5 11. Be2 Nd7 12. Qb3 Ndf6 13. O-O Rac8 14. Rfd1 Rfd8 15. Nxe4 Nxe4 16. Nd2 Nf6 17. Qa4 a6 18.
Bf3 c5 19. dxc5 bxc5 20. Qb3 Ba8 21. Qc3 Qe8 22. Qa5 Qb5 23. Qxb5 axb5 24. Nb3 c4 25. Nd4 Rb8 26. b3 g6 27. a4 bxa4 28. bxc4 dxc4 29. Rxc4 Bxf3 30. gxf3 a3 31. Ra1 Rd5 32.
Nc6 Rb7 33. f4 Rd2 34. Rb4 Rc7 35. Rd4 Rb2 36. Rb4 Rxc6 37. Rxb2 axb2 38. Rb1 Rc1+ 0-1

[Event "*** Titled Tuesday Blitz"]
[Site "Chess.com"]
[Date "2020.05.19"]
[Round "3"]
[White "SergioGarciaFuentes"]
[Black "esskeettit"]
[Result "1-0"]
[WhiteElo "2130"]
[BlackElo "2311"]
[TimeControl "180+1"]
[EndTime "12:28:29 PDT"]
[Termination "SergioGarciaFuentes won by checkmate"]

1. Nf3 d5 2. g3 Nf6 3. d4 e6 4. c4 Be7 5. Bg2 O-O 6. O-O c6 7. Qc2 b6 8. Nbd2 Bb7 9. e4 a5 10. e5 Nfd7 11. Rd1 Na6 12. a3 Rc8 13. cxd5 cxd5 14.
Qb1 b5 15. Nf1 b4 16. h4 Qb6 17. Qd3 Rfd8 18. N1h2 Bc6 19. Qe3 Ba4 20. Re1 bxa3 21.
bxa3 Qb3 22. Qf4 Nf8 23. h5 f5 24. exf6 Bxf6 25. Ng4 Be7 26. Nfe5 Be8 27. h6 Ng6 28.
Nxg6 Bxg6 29. hxg7 Kxg7 30. Qe5+ Kg8 31. Bh6 Bf8 32.
Nf6+ Kf7 33. Bg5 Qb6 34. Bh3 Nc7 35. Rac1 Qd6 36. Rxc7+ Rxc7 37. Bxe6+ Kg7 38. Nh5# 1-0

[Event "*** Titled Tuesday Blitz"]
[Site "Chess.com"]
[Date "2020.05.19"]
[Round "3"]
[White "dragos420"]
[Black "SameerMujumdar"]
[Result "1-0"]
[WhiteElo "2506"]
[BlackElo "2251"]
[TimeControl "180+1"]
[EndTime "12:28:30 PDT"]
[Termination "dragos420 won by checkmate"]

1. e4 c5 2. Nf3 e6 3. d4 cxd4 4.
Nxd4 a6 5. c4 Qc7 6. Nc3 g6 7.
Be3 Bg7 8. Be2 d6 9. O-O Nf6 10.
f3 Nbd7 11. Rc1 O-O 12. b4 b6 13. Qb3 Bb7 14. Kh1 Rac8 15. Rfd1 Ne5 16. Na4 Nfd7 17. Nb2 Qb8 18. a4 Rc7 19. Qa3 Rfc8 20. a5 bxa5 21. Qxa5 Nc6 22. Nxc6 Bxc6 23. Nd3 Bb7 24. c5 dxc5 25.
Nxc5 Nxc5 26. Rxc5 Rxc5 27. Bxc5 Be5 28. Bxa6 Bxa6 29.
Qxa6 Bxh2 30. Ba7 Qc7 31. b5 Qc2 32. Kxh2 Kg7 33. Qa1+ Kg8 34. b6 Rc5 35. b7 Rh5+ 36. Kg1 Rg5 37. Rd8# 1-0

[Event "*** Titled Tuesday Blitz"]
[Site "Chess.com"]
[Date "2020.05.19"]
[Round "3"]
[White "quesfr"]
[Black "TurboSteen"]
[Result "0-1"]
[WhiteElo "2273"]
[BlackElo "1990"]
[TimeControl "180+1"]
[EndTime "12:28:30 PDT"]
[Termination "TurboSteen won on time"]

1. e4 e6 2. d4 d5 3. Nc3 Bb4 4.
exd5 exd5 5. Bd3 Nc6 6. Ne2 Nge7 7. O-O O-O 8. a3 Bxc3 9. bxc3 Bf5 10. Bf4 Qd7 11. Ng3 Bxd3 12. cxd3 Ng6 13. Qf3 Rae8 14. h3 b6 15. Rab1 Nce7 16. Rfd1 c6 17. c4 Nf5 18. Nxf5 Qxf5 19. Bd6 Qxf3 20. gxf3 Nh4 21. Bxf8 Kxf8 22. c5 b5 23. a4 a6 24. axb5 axb5 25.
Rb4 Nxf3+ 26. Kg2 Re1 27. Rxe1 Nxe1+ 28. Kg3 Nxd3 29. Rb3 Nc1 30. Rb2 g5 31. Kf3 Nd3 32. Ra2 Nf4 33. Ra6 Nxh3 34. Rxc6 Nf4 35. Rb6 Ne6 36.
Ke3 h5 37. Rxb5 h4 38. c6 h3 39. Rb8+ Kg7 0-1

[Event "*** Titled Tuesday Blitz"]
[Site "Chess.com"]
[Date "2020.05.19"]
[Round "3"]
[White "aNaartjieZA"]
[Black "rpragchess"]
[Result "0-1"]
[WhiteElo "2586"]
[BlackElo "2830"]
[TimeControl "180+1"]
[EndTime "12:28:31 PDT"]
[Termination "rpragchess won by resignation"]

1. e4 c5 2. Nf3 Nc6 3. d3 g6 4. g3 Bg7 5. Bg2 d6 6. O-O Nf6 7. Re1 e5 8. c3 O-O 9. a3 h6 10. b4 a6 11. Nbd2 Be6 12. Bb2 b5 13. d4 exd4 14.
cxd4 Nd7 15. e5 cxd4 16. exd6 Nb6 17. Ne4 Bg4 18. Rc1 Nc4 19. Ba1 Re8 20. h3 Bxf3 21. Bxf3 Rc8 22. Nc5 Rxe1+ 23. Qxe1 Qxd6 24. Rd1 Nxa3 25. Nxa6 Nc2 26. Qd2 Ne5 27. Bb7 Rc4 28. Qf4 Nxa1 29.
Rxa1 d3 30. Bg2 Rxf4 0-1

[Event "*** Titled Tuesday Blitz"]
[Site "Chess.com"]
[Date "2020.05.19"]
[Round "3"]
[White "Gordima"]
[Black "DraG0s3L"]
[Result "1-0"]
[WhiteElo "2769"]
[BlackElo "2523"]
[TimeControl "180+1"]
[EndTime "12:28:31 PDT"]
[Termination "Gordima won by resignation"]

1. d4 Nf6 2. c4 e6 3. Nc3 Bb4 4. Qc2 c5 5. dxc5 Na6 6. a3 Bxc3+ 7.
Qxc3 Nxc5 8. f3 d5 9. cxd5 Qxd5 10. e4 Qh5 11. Be3 Ncd7 12. Nh3 O-O 13. Be2 b6 14. Nf4 Qe5 15. Qxe5 Nxe5 16. Rc1 Bb7 17. Rc7 Rab8 18.
Kf2 Ne8 19. Rc3 f5 20. exf5 Rxf5 21. h3 Nd6 22. Rd1 g5 23. Rxd6 gxf4 24. Bd4 Bd5 25. Rc7 Nf7 26. Rdd7 Rf8 27. Bd3 Rg5 28. Rxa7 Bc6 29. Rdc7 e5 30. Rxc6 exd4 31. Bc4 Kg7 32. Rcc7 Rf5 33. Ke2 Kg6 34. Bxf7+ R8xf7 35. Rxf7 Rxf7 36. Rxf7 Kxf7 37. Kd3 Ke6 38. Kxd4 Kd6 1-0

[Event "*** Titled Tuesday Blitz"]
[Site "Chess.com"]
[Date "2020.05.19"]
[Round "3"]
[White "zmeeed67"]
[Black "ALeks_Ivlev"]
[Result "0-1"]
[WhiteElo "2396"]
[BlackElo "2595"]
[TimeControl "180+1"]
[EndTime "12:28:31 PDT"]
[Termination "ALeks_Ivlev won by resignation"]

1. d4 Nf6 2. c4 e6 3. Nc3 d5 4.
cxd5 exd5 5. Bg5 Be7 6. e3 O-O 7. Bd3 h6 8. Bh4 c6 9. Qc2 Nbd7 10. Nge2 Nh5 11. Bxe7 Qxe7 12. g4 Nhf6 13. Rg1 Ne8 14. O-O-O Nd6 15. Kb1 b5 16. Rc1 Nb6 17. h4 Qxh4 18. g5 h5 19. Rh1 Qxg5 20. Rcg1 Qh6 21. Nf4 h4 22. Ng6 h3 23. Nxf8 Kxf8 24. Ne2 Nbc4 25.
Nf4 Ne4 26. Bxe4 dxe4 27. Nxh3 Bxh3 28. Rg3 Qe6 29. Rhxh3 Re8 30. Ka1 g6 31. Rh8+ Kg7 32. Rxe8 Qxe8 33. b3 Nd6 34. Qxc6 Qxc6 0-1

[Event "*** Titled Tuesday Blitz"]
[Site "Chess.com"]
[Date "2020.05.19"]
[Round "3"]
[White "mrkvoz"]
[Black "carvillshill"]
[Result "1/2-1/2"]
[WhiteElo "2813"]
[BlackElo "2546"]
[TimeControl "180+1"]
[EndTime "12:28:32 PDT"]
[Termination "Game drawn - insufficient material"]

1. e4 c5 2. Nc3 Nc6 3. Nf3 d6 4. d4 cxd4 5. Nxd4 Nf6 6. Bg5 e6 7. Qd3 a6 8. Nxc6 bxc6 9. O-O-O e5 10. f4 h6 11. fxe5 hxg5 12. exf6 Qxf6 13. Qc4 Bd7 14. Be2 Be7 15. Rhf1 Qe6 16. h3 Qxc4 17. Bxc4 O-O 18. Rd4 a5 19. Na4 Rab8 20. b3 g6 21. Be2 c5 22. Nxc5 Bc6 23. Nd3 Kg7 24. Nb2 Rfd8 25. Bc4 Bf6 26. Rd2 Bxe4 27. Rdf2 Bxb2+ 28. Kxb2 f5 29. Rd2 d5 30. Bd3 Kf6 31. Rfd1 Ke5 32. a4 Rbc8 33. Bb5 d4 34. Bc4 Rc5 35. c3 dxc3+ 36. Kxc3 Rxd2 37. Rxd2 Kf4 38. b4 axb4+ 39. Kxb4 Rc8 40. a5 Kg3 41. Bf1 Rc1 42. Bb5 Bxg2 43.
a6 Ra1 44. Ba4 Rb1+ 45. Ka5 Rb8 46. a7 Rf8 47. Rb2 Ra8 48. Rxg2+ Kxh3 49. Rxg5 Rxa7+ 50. Kb4 Rg7 51. Be8 Kh4 52. Rg1 g5 53. Kc5 g4 54.
Kd5 g3 55. Ke5 g2 56. Kxf5 Kg3 57. Bc6 Kf2 58. Rxg2+ Rxg2 59. Bxg2 1/2-1/2